 Dungeon Crawl Stone Soup version 0.30-a0-341-g682706514a (webtiles) character file.

Game seed: 13366481046637114666

78 Bnni the Digger (level 4, -7/29 HPs)
             Began as an Octopode Earth Elementalist on Nov 5, 2022.
             Mangled by an iguana (9 damage)
             ... on level 3 of the Dungeon.
             The game lasted 00:04:08 (2252 turns).

Bnni the Digger (Octopode Earth Elementalist)       Turns: 2252, Time: 00:04:09

Health: -7/29      AC:  1    Str:  7    XL:     4   Next: 36%
Magic:  5/7        EV: 13    Int: 19    God:
Gold:   148        SH:  0    Dex: 12    Spells: 4/8 levels left

rFire   . . .      SeeInvis .    h - +0 dagger
rCold   . . .      Faith    .    (no shield)
rNeg    . . .      Spirit   .    (helmet restricted)
rPois   .          Reflect  .    b - amulet of magic regeneration
rElec   .          Harm     .    (no ring)
rCorr   .          Rampage  .    (no ring)
Will    .....                    (no ring)
Stlth   +++.......               (no ring)
HPRegen 0.24/turn                (no ring)
MPRegen 0.50/turn                (no ring)
                                 (no ring)
                                 (no ring)

@: no status effects
A: almost no armour, amphibious, 8 rings, camouflage 1, gelatinous body 1,
(nimble swimmer 1), tentacles
a: no special abilities


You were on level 3 of the Dungeon.
You visited 1 branch of the dungeon, and saw 3 of its levels.

You collected 148 gold pieces.

Inventory:

Hand Weapons
 h - a +0 dagger (weapon)
Missiles
 n - 7 poisoned darts
Jewellery
 b - an amulet of magic regeneration (around mantle)
 j - an amulet of regeneration
Scrolls
 f - a scroll of amnesia {unknown}
 g - a scroll of enchant weapon {unknown}
 i - a scroll of teleportation {unknown}
 m - a scroll of immolation {unknown}
 q - 2 scrolls of fog
 r - a scroll of poison {unknown}
 s - a scroll of noise {unknown}
 t - a scroll of summoning {unknown}
 u - a scroll of vulnerability {unknown}
Potions
 a - a potion of magic
 c - 3 potions of flight {unknown}
 d - a potion of curing
 e - a potion of haste {unknown}
 k - a potion of lignification {unknown}
 o - a potion of might
 p - 2 potions of heal wounds {unknown}


   Skills:
 + Level 1.7 Fighting
 - Level 2.0 Dodging
 - Level 2.6 Stealth
 + Level 2.6 Spellcasting
 + Level 0.0 Conjurations
 - Level 1.0 Transmutations
 * Level 4.1 Earth Magic


You had 4 spell levels left.
You knew the following spells:

 Your Spells              Type           Power      Damage    Failure   Level
a - Sandblast             Erth           36%        2d10      3%          1
b - Stone Arrow           Conj/Erth      20%        3d8       21%         3

Your spell library contained the following spells:

 Spells                   Type           Power      Damage    Failure   Level
 Passwall                 Tmut/Erth      10%        N/A       9%          2
 Ensorcelled Hibernation  Hex/Ice        4%         N/A       24%         2
 Swiftness                Air            2%         N/A       43%         3
 Petrify                  Tmut/Erth      12%        N/A       50%         4


Dungeon Overview and Level Annotations

Branches:
Dungeon (3/15)

Altars:


Innate Abilities, Weirdness & Mutations

You cannot wear most types of armour.
You are amphibious.
You can wear up to eight rings at the same time.
Your skin changes colour to match your surroundings (Stealth+).
Your rubbery body absorbs attacks. (AC +1, EV +1)
((You are camouflaged when in or above water. (Stealth+)))
You have tentacles for arms and can constrict up to eight enemies at once.


Message History

Nothing appears to happen.
Aiming: Sandblast (safe; 3% risk of failure)
Press: ? - help, Q - select action, (/) - cycle Shift-Dir - straight line, f/p - iguana
Aim: an iguana (84% to hit)
Okay, then.
Aiming: Sandblast (safe; 3% risk of failure)
Press: ? - help, Q - select action, (/) - cycle Shift-Dir - straight line, f/p - iguana
Aim: an iguana (84% to hit)
The blast of sand hits the iguana.
The iguana is lightly wounded.
Unknown command.
Aiming: Sandblast (safe; 3% risk of failure)
Press: ? - help, Q - select action, (/) - cycle Shift-Dir - straight line, f - worm
Aim: a worm (94% to hit)
The blast of sand hits the worm.
The worm is moderately wounded.
The iguana barely misses you. The iguana attacks as you move away!
The iguana bites you.
* * * LOW HITPOINT WARNING * * *
Aiming: Sandblast (safe; 3% risk of failure)
Press: ? - help, Q - select action, (/) - cycle Shift-Dir - straight line, f - iguana
Aim: an iguana (lightly wounded, 84% to hit)
The blast of sand hits the iguana!
The iguana is heavily wounded.
The iguana bites you!
* * * LOW HITPOINT WARNING * * *
Aiming: Sandblast (safe; 3% risk of failure)
Press: ? - help, Q - select action, (/) - cycle Shift-Dir - straight line, f/p - iguana
Aim: an iguana (heavily wounded, 84% to hit)
The blast of sand hits the iguana!
The iguana is almost dead.
The iguana misses you. The iguana closely misses you.
Your magical contamination has completely faded away.
Aiming: Sandblast (safe; 3% risk of failure)
Press: ? - help, Q - select action, (/) - cycle Shift-Dir - straight line, f/p - iguana
Aim: an iguana (almost dead, 84% to hit)
The blast of sand hits the iguana but does no damage.
The iguana is almost dead.
The iguana bites you!
You die...

.#.# ### .#.
..#######.. ##+
#.#.....#.# ....
#.###.....#...#.
.......#
######.#.....(.......
#......
#.....w..w..().....#
#.....#
#...##l#.###'###.#...
#.....# #....@.#
#.#.# #.....#
######## #...#
#.....# ###.# #.....#
#.# ##.....#
#.#####.# .......#
#.......# #......#
### #######.#
#..>.#########.# #.#
###..#8.#..#...#
########'##


You could see a worm and an iguana.

Vanquished Creatures
  2 adders (D:2)
  A worm (D:2)
  2 dart slugs
  An orc (D:2)
  6 bats
  6 endoplasms
  A giant cockroach (D:2)
  6 hobgoblins
  4 kobolds
  4 quokkas
  3 ball pythons
  2 frilled lizards
  3 goblins (D:2)
  9 rats
50 creatures vanquished.

Notes
Turn   | Place    | Note
-------+----------+-------------------------------------------
     0 | D:1      | Bnni the Octopode Earth Elementalist began the quest for
                  | the Orb.
     0 | D:1      | Reached XP level 1. HP: 11/11 MP: 3/3
   186 | D:1      | Reached XP level 2. HP: 18/18 MP: 3/5
   755 | D:2      | Reached skill level 1 in Fighting
   974 | D:2      | Reached XP level 3. HP: 23/23 MP: 6/6
  1423 | D:2      | Reached skill level 4 in Earth Magic
  1478 | D:2      | Reached XP level 4. HP: 28/28 MP: 7/7
  1970 | D:3      | Learned a level 3 spell: Stone Arrow
  2179 | D:3      | Found a faded altar of an unknown god.
  2241 | D:3      | HP: 1/29 [iguana (6)]
  2252 | D:3      | Mangled by an iguana

Illustrated notes

Levels and vault maps discovered:
D:1:      psy_arrival_fountain, layout_basic, bh_walls_and_bars
D:2:      minmay_razor_zed, layout_loops_corners
D:3:      layout_basic, trog_hazing_becter, lemuel_doored_altar,
          shapermc_ecumenical_altar_mp_vishouse, st_stairs_12,
          minmay_misc_feat_ornament

Skill      XL: |  1  2  3 |
---------------+----------+-----
Fighting       | 1 |  1.7
Earth Magic    | 4 |  4.1
Dodging        | |  2.0
Stealth        | |  2.6
Spellcasting   | |  2.6
Transmutations | |  1.0

Action                   |  1- 3 |  4- 6 || total
-------------------------+-------+-------++-------
Melee: Dagger            |    26 |     8 ||    34
       Constrict         |     8 |     2 ||    10
       Tentacles         |     5 |     2 ||     7
Throw: Dart              |       |     2 ||     2
 Cast: Sandblast         |    28 |    19 ||    47
  Use: Scroll            |       |     5 ||     5
       Potion            |       |     1 ||     1
 Stab: Sleeping          |     5 |     3 ||     8
Armor: Skin              |     2 |     4 ||     6
Dodge: Dodged            |    21 |    11 ||    32

Table legend: (Time is in decaauts)
 A = Elapsed time spent in this place.
 B = Non-inter-level travel time spent in this place.
 C = Inter-level travel time spent in this place.
 D = Time resting spent in this place.
 E = Time spent auto-exploring this place.
 F = Levels seen in this place.
 G = Mean time per level.
                   A        B        C        D        E       F      G
               +--------+--------+--------+--------+--------+-----+--------+
         Total |   2274 |   2205 |     69 |      0 |   1886 |   3 |  758.0 |
       Dungeon |   2274 |   2205 |     69 |      0 |   1886 |   3 |  758.0 |
               +--------+--------+--------+--------+--------+-----+--------+

Top non-repeatable levels by time:
     D:2: 1271 daAuts
     D:1: 670 daAuts
     D:3: 331 daAuts
